 Dungeon Crawl Stone Soup version 0.30.0-3-ga4e48a9924 (webtiles) character file.

Game seed: 505783802949080621

38254 dialectric the Fencer (level 13, -9/127 HPs)
             Began as a Minotaur Wanderer on May 7, 2023.
             Was a High Priest of Ignis.
             Mangled by a skeletal warrior
             ... wielding a +0 mace
              (19 damage)
             ... on level 11 of the Dungeon.
             The game lasted 00:32:34 (18703 turns).

dialectric the Fencer (Minotaur Wanderer)          Turns: 18703, Time: 00:32:34

Health: -9/127     AC:  9    Str: 21    XL:     13   Next: 62%
Magic:  12/12      EV: 22    Int:  8    God:    Ignis [*****.]
Gold:   1489       SH:  0    Dex: 18    Spells: 12/12 levels left

rFire   + + .        K - +3 long sword (freeze)
rCold   . . .        (no shield)
rNeg    . . .        u - +2 leather armour {rF+}
rPois   +            (helmet unavailable)
rElec   .            E - +0 cloak
rCorr   .            m - +0 pair of gloves
SInv    .            (no boots)
Will    .....        r - amulet of the acrobat
Stlth   +++          J - +6 ring of dexterity
HPRegen 0.41/turn    v - +5 ring of evasion
MPRegen 0.13/turn

%: acrobat
@: no status effects
A: horns 3, retaliatory headbutt, poison resistance, evolution 1
a: Renounce Religion, Fiery Armour, Foxfire Swarm, Rising Flame


You were on level 11 of the Dungeon.
You worshipped Ignis.
Ignis was extremely pleased with you.
You visited 6 branches of the dungeon, and saw 21 of its levels.
You also visited: Volcano.

You collected 1489 gold pieces.

Inventory:

Hand Weapons
 g - a +2 rapier of holy wrath
 K - a +3 long sword of freezing (weapon)
 L - a +2 great sword of freezing
Missiles
 d - 10 boomerangs (quivered)
 x - 7 throwing nets
 Q - 6 poisoned darts
Armour
 a - a +1 scale mail of fire resistance
 m - a +0 pair of gloves (worn)
 u - a +2 leather armour of fire resistance (worn)
 C - a +3 leather armour
 E - a +0 cloak (worn)
 N - a +0 buckler
 U - a +0 plate armour
Jewellery
 c - the ring of Ruaguj {Ice rCorr Int+2}
   (You found it on level 5 of the Dungeon)

   [ring of ice]

   It enhances your ice magic.
   Int:       It affects your intelligence (+2).
   rF:        It makes you vulnerable to fire.
   rC:        It protects you from cold.
   rCorr:     It protects you from acid and corrosion.
 r - an amulet of the acrobat (around neck)
 s - a ring of poison resistance
 v - a +5 ring of evasion (right hand)
 y - a ring of willpower
 H - a ring of protection from fire
 J - a +6 ring of dexterity (left hand)
 O - an amulet of reflection
 R - a +6 ring of dexterity
Wands
 w - a wand of roots (17)
 F - a wand of charming (1)
 G - a wand of flame (27)
 I - a wand of quicksilver (2)
 T - a wand of digging (8)
Scrolls
 e - 3 scrolls of teleportation
 h - 2 scrolls of enchant weapon
 j - 7 scrolls of identify
 t - 2 scrolls of poison
 B - 3 scrolls of vulnerability
 V - a scroll of magic mapping
 X - a scroll of fog
Potions
 b - 4 potions of heal wounds
 f - 3 potions of invisibility
 i - a potion of attraction
 k - 2 potions of cancellation
 l - 7 potions of curing
 n - 2 potions of haste {unknown}
 o - 2 potions of resistance
 p - 3 potions of lignification {unknown}
 q - 4 potions of berserk rage {unknown}
 A - 4 potions of flight {unknown}
 D - a potion of might
 P - 2 potions of magic {unknown}
 S - a potion of ambrosia
Miscellaneous
 M - a box of beasts


   Skills:
 + Level 15.2 Fighting
 - Level 4.4(11.1) Short Blades
 + Level 16.9(17.2) Long Blades
 - Level 3.2 Ranged Weapons
 - Level 2.0 Throwing
 * Level 11.0 Armour
 + Level 8.9 Dodging
 - Level 4.3 Stealth
 * Level 3.2 Shields
 + Level 2.4 Evocations


You had 12 spell levels left.
You didn't know any spells.
Your spell library contained the following spells:

 Spells                   Type           Power      Damage    Failure   Level
 Shock                    Conj/Air       0%         1d3       43%         1
 Lesser Beckoning         Tloc           0%         N/A       58%         2
 Poisonous Vapours        Pois/Air       0%         N/A       58%         2
 Sublimation of Blood     Necr           0%         N/A       58%         2
 Frozen Ramparts          Ice            0%         1d1       82%         3
 Gell's Gravitas          Tloc           0%         N/A       82%         3
 Swiftness                Air            0%         N/A       82%         3
 Teleport Other           Tloc           0%         N/A       82%         3
 Vampiric Draining        Necr           0%         2d6       82%         3
 Airstrike                Air            0%         2d(0-16)  99%         4
 Ice Form                 Ice/Tmut       0%         N/A       99%         4
 Petrify                  Tmut/Erth      0%         N/A       99%         4
 Summon Ice Beast         Ice/Summ       0%         N/A       99%         4
 Borgnjor's Vile Clutch   Necr/Erth      0%         N/A       100%        5
 Irradiate                Conj/Tmut      0%         3d11      100%        5


Dungeon Overview and Level Annotations

Branches:
Dungeon (12/15)            Temple (0/1) D:4            Lair (4/5) D:11
  Swamp (1/4) Lair:3        Snake (1/4) Lair:3          Orc (2/2) D:10
    Elf (1/3) Orc:2       Volcano (visited)
  Slime: Lair:4-5

Altars:
Dithmenos
Fedhas
Kikubaaqudgha
Okawaru
Qazlal
Ignis

Shops:
D:10 *   Orc:2 :

Annotations:
Lair:4 1 runed translucent door, Lutiheq's ghost, journeyman DrTm


Innate Abilities, Weirdness & Mutations

You have a pair of large horns on your head.
You reflexively headbutt those who attack you in melee.
Your system is resistant to poisons. (rPois)
You have hidden genetic potential.


Message History

You hit the skeletal warrior but do no damage.
The skeletal warrior is almost destroyed.
The skeletal warrior hits you with a +0 mace!!
You barely miss the skeletal warrior.
Your headbutt misses the skeletal warrior.
The skeletal warrior is almost destroyed.
The skeletal warrior completely misses you.
You closely miss the skeletal warrior.
The skeletal warrior is almost destroyed.
You barely miss the skeletal warrior.
You headbutt the skeletal warrior, but do no damage.
The skeletal warrior is almost destroyed.
The skeletal warrior hits you with a +0 mace!!
You are too injured to fight recklessly!
You are too injured to fight recklessly!
You are too injured to fight recklessly!
You are too injured to fight recklessly!
You hit the skeletal warrior but do no damage.
You headbutt the skeletal warrior, but do no damage.
The skeletal warrior is almost destroyed.
The skeletal warrior hits you but does no damage.
You closely miss the skeletal warrior.
You headbutt the skeletal warrior, but do no damage.
The skeletal warrior is almost destroyed.
You hit the skeletal warrior but do no damage.
The skeletal warrior is almost destroyed.
The skeletal warrior hits you with a +0 mace!!
* * * LOW HITPOINT WARNING * * *
You closely miss the skeletal warrior.
You headbutt the skeletal warrior, but do no damage.
The skeletal warrior is almost destroyed.
The skeletal warrior hits you with a +0 mace!!
* * * LOW HITPOINT WARNING * * *
You hit the skeletal warrior but do no damage.
The skeletal warrior is almost destroyed.
You hit the skeletal warrior but do no damage.
You headbutt the skeletal warrior, but do no damage.
The skeletal warrior is almost destroyed.
The skeletal warrior hits you with a +0 mace!!
You die...

#.#.......)...#####.
#........)#.#.# #.
##..##..#>).#.# #.
#..##..#####.# #.
#..##..# #.# #.
#..##..# #.# #.
##.##.## #.# #.
#z##.######.# #.
#@##.....##.# #.
##### #.##.###.##.#
#. #####...#
#.##.###.##.# #.
#.......#
#...........#####.
#####...#
###.##..##..........
##.##
#............#####.#
#.# #.#.###.##...#
#.# #.#
#.#........### #.#
#.# #.#####..### #.#


You could see a skeletal warrior.

Vanquished Creatures
  Josephine (Lair:3)
  Harold (Lair:2)
  A hydra (Lair:3)
  2 death knights (D:11)
  4 two-headed ogres
  2 orc high priests (Orc:2)
  The ghost of workbot the Markshuman, a novice HuHu of Dithmenos (D:9)
  2 skeletal warriors (D:11)
  A skyshark (Lair:3)
  A bog body (Lair:3)
  5 orc knights
  An ugly thing (D:11)
  A deep elf pyromancer (D:12)
  5 orc sorcerers
  A black mamba (Lair:3)
  A smoke demon (Volcano)
  3 cane toads
  7 komodo dragons
  2 rime drakes (Lair:3)
  A gargoyle (D:9)
  An unseen horror (D:10)
  2 freezing wraiths (D:11)
  A kobold demonologist (D:9)
  3 red devils (Volcano)
  4 trolls
  A hornet (D:10)
  A polar bear (Lair:3)
  10 blink frogs
  An air elemental (Orc:2)
  Sigmund (D:6)
  3 wyverns
  A fire elemental (Lair:1)
  30 yaks
  3 wraiths (D:11)
  Eustachio (D:6)
  A basilisk (Lair:2)
  A steam dragon (D:8)
  A neqoxec (D:9)
  Menkaure (D:5)
  4 nagas (Lair:3)
  4 wargs
  A swamp worm (Lair:3)
  2 acid dragons
  8 water moccasins
  2 hell hounds (Volcano)
  13 orc warriors
  4 ice beasts
  4 ogres
  19 wolves
  2 centaurs
  A phantom (D:6)
  A kobold brigand (D:9)
  Blork the orc (D:4)
  9 bullfrogs
  2 gnoll sergeants (D:9)
  13 wights
  6 killer bees (D:9)
  An electric eel (D:6)
  A howler monkey (D:4)
  A lava snake (Lair:1)
  2 quasits (D:9)
  6 hounds
  A jelly (D:8)
  8 orc priests
  Crazy Yiuf (D:3)
  A sleepcap (D:6)
  3 iguanas
  Natasha (thrice) (D:3)
  10 orc wizards
  28 gnolls
  3 adders
  A white imp (D:6)
  2 ufetubi (D:5)
  A worm (D:2)
  5 dart slugs
  33 orcs
  8 bats
  7 endoplasms
  A giant cockroach (D:2)
  5 goblins
  5 hobgoblins
  7 jackals
  11 kobolds
  4 quokkas
  14 ball pythons
  2 frilled lizards (D:2)
  2 rats (D:2)
383 creatures vanquished.

Vanquished Creatures (others)
  An orc warrior (D:9)
  A gnoll (D:7)
  11 fungi
  43 plants
56 creatures vanquished.

Grand Total: 439 creatures vanquished

Notes
Turn   | Place    | Note
-------+----------+-------------------------------------------
     0 | D:1      | dialectric the Minotaur Wanderer began the quest for the
                  | Orb.
     0 | D:1      | dialectric set off with the following items: a +2 dagger, 2
                  | potions of heal wounds, a +0 sling, 8 boomerangs, a +0
                  | dagger, a +0 leather armour.
     0 | D:1      | Reached XP level 1. HP: 16/16 MP: 0/0
   159 | D:1      | Reached skill level 1 in Armour
   190 | D:1      | Reached XP level 2. HP: 19/23 MP: 1/1
   231 | D:1      | Found a faded altar of an unknown god.
   243 | D:1      | Prayed at the altar of an unknown god.
   243 | D:1      | Became a worshipper of Ignis, the Dying Flame
   642 | D:1      | Reached XP level 3. HP: 28/28 MP: 2/2
   651 | D:1      | Reached skill level 1 in Short Blades
   682 | D:1      | You fall into a shaft and drop 1 floor!
   863 | D:2      | Reached XP level 4. HP: 35/35 MP: 3/3
  1223 | D:3      | Noticed a centaur
  1229 | D:3      | Killed a centaur
  1230 | D:3      | Reached skill level 1 in Dodging
  1230 | D:3      | Reached XP level 5. HP: 34/41 MP: 4/4
  1816 | D:3      | Found a runed translucent door.
  1817 | D:3      | Noticed Crazy Yiuf
  1868 | D:3      | Noticed Natasha
  1875 | D:3      | Killed Natasha
  1932 | D:3      | Noticed an ogre
  1939 | D:3      | HP: 2/41 [ogre/+0 giant spiked club (12)]
  1940 | D:3      | Killed an ogre
  1941 | D:3      | Reached XP level 6. HP: 3/48 MP: 5/5
  2221 | D:3      | Noticed Natasha
  2234 | D:3      | Killed Natasha
  3009 | D:4      | Found a shadowy altar of Dithmenos.
  3068 | D:4      | Found a staircase to the Ecumenical Temple.
  3433 | D:5      | Entered Level 5 of the Dungeon
  3434 | D:5      | Noticed Blork the orc
  3437 | D:5      | Noticed a water moccasin
  3447 | D:5      | Noticed an ice beast
  3462 | D:4      | Killed an ice beast
  3463 | D:4      | Reached skill level 1 in Long Blades
  3463 | D:4      | Reached XP level 7. HP: 44/57 MP: 6/6
  3480 | D:4      | Killed Blork the orc
  3481 | D:4      | Reached skill level 2 in Long Blades
  3618 | D:4      | Reached skill level 3 in Long Blades
  4260 | D:5      | Identified the ring of Ruaguj {Ice rCorr Int+2}
  4274 | D:5      | Reached skill level 4 in Long Blades
  4435 | D:5      | Identified the +2 robe of Tomorrow {rC+}
  4744 | D:6      | Noticed Menkaure
  4744 | D:6      | Found a stormy altar of Qazlal.
  4752 | D:5      | Reached XP level 8. HP: 24/67 MP: 7/7
  4953 | D:5      | Killed Menkaure
  4954 | D:5      | Reached skill level 5 in Fighting
  4954 | D:5      | Reached skill level 5 in Long Blades
  5187 | D:6      | Reached skill level 5 in Armour
  5257 | D:6      | Reached skill level 6 in Long Blades
  5679 | D:6      | Reached skill level 7 in Long Blades
  5852 | D:6      | Noticed Eustachio
  5872 | D:6      | Killed Eustachio
  5873 | D:6      | Reached XP level 9. HP: 33/75 MP: 8/8
  6074 | D:6      | Noticed Sigmund
  6092 | D:6      | Killed Sigmund
  6451 | D:3      | Noticed Natasha
  6457 | D:3      | Killed Natasha
  6502 | D:3      | Killed Crazy Yiuf
  6503 | D:3      | Reached skill level 8 in Long Blades
  7340 | D:8      | Noticed a two-headed ogre
  7356 | D:8      | Killed a two-headed ogre
  7357 | D:8      | Reached skill level 9 in Long Blades
  7357 | D:8      | Reached skill level 5 in Dodging
  7862 | D:9      | Found a transporter.
  7863 | D:9      | Noticed workbot's ghost (novice HuHu)
  7881 | D:9      | Found a transporter.
  7883 | D:9      | Noticed a kobold demonologist
  7900 | D:9      | Noticed a gargoyle
  7914 | D:9      | Killed a gargoyle
  7915 | D:9      | Reached skill level 10 in Long Blades
  7919 | D:9      | Killed a kobold demonologist
  7929 | D:9      | Gained mutation: Armour fits poorly on your strangely
                  | shaped body. [a neqoxec]
  7931 | D:9      | Reached XP level 10. HP: 77/86 MP: 9/9
  7948 | D:9      | Killed workbot's ghost
  7949 | D:9      | Reached skill level 11 in Long Blades
  8324 | D:9      | Reached skill level 1 in Evocations
  8833 | D:9      | Reached skill level 12 in Long Blades
  8975 | D:10     | Entered Level 10 of the Dungeon
  9070 | D:10     | Noticed a two-headed ogre
  9079 | D:10     | Killed a two-headed ogre
  9135 | D:10     | Found Ekobaxt's Gadget Gallery.
  9152 | D:10     | Reached XP level 11. HP: 97/97 MP: 10/10
  9220 | D:10     | Found a staircase to the Orcish Mines.
  9261 | D:10     | Got the Thoughts on Venomous Despair
  9276 | D:10     | Found an iron altar of Okawaru.
  9285 | D:10     | Found a blossoming altar of Fedhas.
  9582 | D:10     | Found an ancient bone altar of Kikubaaqudgha.
  9863 | D:10     | Reached skill level 13 in Long Blades
 10011 | D:11     | Reached skill level 10 in Fighting
 10012 | D:11     | Found a staircase to the Lair.
 10338 | D:11     | Noticed a two-headed ogre
 10351 | D:11     | Killed a two-headed ogre
 10468 | D:11     | Noticed a purple ugly thing
 10480 | D:11     | Killed a purple ugly thing
 10487 | D:11     | Reached skill level 14 in Long Blades
 10620 | D:11     | Noticed a two-headed ogre
 10627 | D:11     | Killed a two-headed ogre
 10833 | D:11     | Noticed a death knight
 10958 | D:11     | Noticed a death knight
 11110 | Lair:1   | Entered Level 1 of the Lair of Beasts
 11448 | Lair:1   | Reached skill level 15 in Long Blades
 11508 | Lair:1   | Reached XP level 12. HP: 98/110 MP: 11/11
 11738 | Lair:1   | Found a dark tunnel.
 11743 | Volcano  | Entered a volcano
 12030 | Volcano  | Paralysed by an orc sorcerer for 2 turns
 12472 | Lair:2   | Noticed Harold
 12481 | Lair:2   | Killed Harold
 12698 | Lair:2   | Lost mutation: Armour fits poorly on your strangely shaped
                  | body. [potion of mutation]
 12698 | Lair:2   | Gained mutation: Your system is resistant to poisons.
                  | (rPois) [potion of mutation]
 12698 | Lair:2   | Gained mutation: You have hidden genetic potential. [potion
                  | of mutation]
 13177 | Lair:3   | Reached skill level 16 in Long Blades
 13241 | Lair:3   | Found a staircase to the Swamp.
 13252 | Swamp:1  | Entered Level 1 of the Swamp
 13280 | Lair:3   | Found a staircase to the Snake Pit.
 13758 | Lair:3   | Noticed a six-headed hydra
 13770 | Lair:3   | Killed a six-headed hydra
 14382 | Snake:1  | Entered Level 1 of the Snake Pit
 14418 | Lair:4   | Reached XP level 13. HP: 125/125 MP: 12/12
 14567 | Lair:4   | Noticed Lutiheq's ghost (journeyman DrTm)
 14576 | Lair:4   | Noticed Josephine
 14582 | Lair:4   | Found a runed translucent door.
 14600 | Lair:3   | Killed Josephine
 14713 | D:11     | Reached skill level 1 in Shields
 15476 | Orc:1    | Entered Level 1 of the Orcish Mines
 15885 | Orc:1    | Reached skill level 15 in Fighting
 16097 | Orc:2    | Entered Level 2 of the Orcish Mines
 16272 | Orc:2    | Found a staircase to the Elven Halls.
 16284 | Orc:2    | Reached skill level 10 in Armour
 16290 | Elf:1    | Entered Level 1 of the Elven Halls
 16298 | Orc:2    | Paralysed by an air elemental for 1 turns
 16329 | Orc:2    | Gained mutation: You have a pair of large horns on your
                  | head. [hidden potential]
 16744 | Orc:2    | Found Tuocosh's Book Shoppe.
 17646 | Orc:2    | Paralysed by an orc sorcerer for 5 turns
 18703 | D:11     | Mangled by a skeletal warrior

Illustrated notes

Levels and vault maps discovered:
D:1:      lemuel_arrival_river_bridge, layout_loops_ring,
          nicolae_ecumenical_snake_handling, st_stairs_3
D:2:      layout_rooms
D:3:      layout_loops_corners, minivault_14, uniq_crazy_yiuf_cottage,
          uniq_natasha
D:4:      layout_loops_corners, lemuel_crystal_altar, minmay_temple_entry_mist
D:5:      nicolae_cairo_tiling_large, layout_rooms, grunt_ministairs_9,
          uniq_blork_the_orc
D:6:      cheibrodos_helix_gallery, layout_basic,
          nicolae_qazlal_scattered_showers, supply_closet_lemuel,
          kennysheep_generic_room_13, uniq_sigmund, uniq_eustachio,
          uniq_menkaure
D:7:      layout_rooms, regret_index_temple_of_mockery,
          mainiacjoe_overflow_boulevard, mainiacjoe_overflow_alcove_2,
          mainiacjoe_overflow_catwalk_spiral, dreamdust_gnoll_farm
D:8:      layout_basic
D:9:      layout_roguey, gammafunk_ghost_stat_death
D:10:     layout_roguey, nicolae_overflow_crystal_walls,
          mainiacjoe_overflow_big_doors, orc_0_dummy, nicolae_shop_gadgets
D:11:     cheibrodos_tormentor_scu, layout_loops_ring, minmay_lair_entry_grove
D:12:     layout_stronghold
Lair:1:   layout_gridlike, enter_volcano_4, minivault_19,
          infiniplex_staircase_pool_2
Lair:2:   layout_chaotic_city, serial_bayou, serial_bayou_crossing,
          serial_bayou_lake_a, serial_bayou_pond_c, serial_bayou_pond_a,
          uniq_harold
Lair:3:   layout_long_grid, minmay_swamp_entry_worms,
          guppyfry_snake_entry_island
Lair:4:   layout_cave_pods, slime_entry_1, hellmonk_ghost_happy_afterlife,
          nicolae_lair_yak_garden, uniq_josephine
Swamp:1:  layout_basic_swamp, nicolae_swamp_ascending_descending_big,
          uniq_mlioglotl
Snake:1:  minmay_snake_river, layout_grid_maze
Orc:1:    layout_caves
Orc:2:    grunt_orc_tribal_feast, layout_caves, serial_shops, shop
Elf:1:    nicolae_elf_arrival_aired_out, layout_onion_city, serial_shops,
          bzr_entry_dummy, hangedman_elf_represent, grunt_ministairs_14

Skill      XL: |  1  2  3  4  5  6  7  8  9 10 11 12 13 |
---------------+----------------------------------------+-----
Armour         | 1 2 3 4 6 7 9 11 | 11.0
Short Blades   | 2 3 4 |  4.4
Stealth        | 4 |  4.3
Dodging        | 1 2 3 4 5 8 |  8.9
Fighting       | 2 3 4 5 7 9 11 14 15 | 15.2
Long Blades    | 1 4 7 10 12 15 16 | 16.9
Evocations     | 1 2 |  2.4
Shields        | 3 |  3.2
Ranged Weapons | |  3.2
Throwing       | |  2.0

Action                     |  1- 3 |  4- 6 |  7- 9 | 10-12 | 13-15 || total
---------------------------+-------+-------+-------+-------+-------++-------
  Melee: Dagger            |    88 |    95 |       |       |       ||   183
         Headbutt          |    10 |    14 |    52 |   149 |    73 ||   298
         Punch             |     1 |       |     3 |     6 |     8 ||    18
         Long sword        |       |    16 |   275 |   574 |   293 ||  1158
         Great sword       |       |       |       |     3 |       ||     3
  Throw: Boomerang         |       |       |     6 |     9 |    15 ||    30
 Invoke: Fiery Armour      |       |       |       |     1 |     1 ||     2
  Evoke: Wand              |       |       |     2 |     7 |     6 ||    15
         Box of beasts     |       |       |       |     1 |       ||     1
    Use: Scroll            |       |     1 |     6 |     6 |     4 ||    17
         Potion            |       |       |     6 |     7 |     1 ||    14
   Stab: Sleeping          |     4 |    11 |     1 |     4 |     2 ||    22
         Distracted        |       |       |     1 |       |       ||     1
         Invisible         |       |       |     2 |       |       ||     2
 Armour: Leather armour    |    26 |    22 |    41 |    62 |    17 ||   168
         Chain mail        |       |       |    73 |       |       ||    73
         Scale mail        |       |       |       |    26 |    16 ||    42
  Dodge: Dodged            |    49 |    61 |   267 |   525 |   222 ||  1124
